 Dungeon Crawl Stone Soup version 0.31.0-9-g3a7656b989 (webtiles) character file.

Game seed: 16718336875600565927

203630 qw the Intangible (level 17, -7/93 HPs)
             Began as a Spriggan Hunter on Feb 2, 2024.
             Was a High Priest of Okawaru.
             Killed from afar by Nikola (78 damage)
             ... with an arc of chain lightning
             ... on level 4 of the Swamp.
             The game lasted 00:04:38 (22971 turns).

qw the Intangible (Spriggan Hunter)                Turns: 22971, Time: 00:04:39

Health: -7/93      AC: 10    Str:  7    XL:     17   Next: 75%
Magic:  22/25      EV: 62    Int: 10    God:    Okawaru [*****.]
Gold:   1866       SH:  5    Dex: 35    Spells: 16/16 levels left

rFire   . . .        u - +7 arbalest "Dushot" {penet, Will+ Dex+2}
rCold   . . .        (shield currently unavailable)
rNeg    . . .        t - +1 robe of Vines {NoPotionHeal Regen++++}
rPois   +            (helmet restricted)
rElec   .            a - +2 cloak {rPois}
rCorr   .            (gloves unavailable)
SInv    +            (boots unavailable)
Will    +++..        l - amulet of reflection
Stlth   +++          b - +6 ring of dexterity
HPRegen 3.55/turn    n - +4 ring of protection
MPRegen 0.19/turn

%: reflection
@: finesse-ful, very quick
A: very small, no large weapons, unfitting armour, see invisible, speed 3
a: Renounce Religion, Heroism, Finesse, Duel


You were on level 4 of the Swamp.
You worshipped Okawaru.
Okawaru was extremely pleased with you.
You visited 6 branches of the dungeon, and saw 30 of its levels.
You also visited: Sewer.

You collected 2539 gold pieces.
You spent 673 gold pieces at shops.


Innate Abilities, Weirdness & Mutations

You are very small and have problems with some larger weapons.
You are too small for most types of armour.
You have supernaturally acute eyesight. (SInv)
You cover ground extremely quickly. (Speed+++)


   Skills:
 + Level 12.2 Fighting
 - Level 18.0 Ranged Weapons
 - Level 2.2 Armour
 O Level 27 Dodging
 - Level 1.5 Stealth
 - Level 10.1 Invocations


You had 16 spell levels left.
You didn't know any spells.
Your spell library was empty.

Inventory:

Hand Weapons
 u - the +7 arbalest "Dushot" (weapon) {penet, Will+ Dex+2}
   (Okawaru gifted it to you on level 4 of the Lair of Beasts)

   Dex+2:     It affects your dexterity (+2).
   Will+:     It increases your willpower.
Armour
 a - a +2 cloak of poison resistance (worn)
 t - the +1 robe of Vines (worn) {NoPotionHeal Regen++++}
   (Okawaru gifted it to you on level 4 of the Lair of Beasts)

   NoPotionHeal: Its wearer cannot be healed by potions.
   Regen++++: It increases your rate of health regeneration.
Jewellery
 b - a +6 ring of dexterity (left hand)
 l - an amulet of reflection (around neck)
 n - a +4 ring of protection (right hand)
 y - a ring of protection from fire
 z - a ring of poison resistance
Wands
 e - a wand of charming (8)
 i - a wand of polymorph (27)
 k - a wand of acid (34)
 p - a wand of iceblast (17)
 w - a wand of digging (12)
 x - a wand of mindburst (17)
Scrolls
 j - 5 scrolls of enchant weapon
 m - a scroll of enchant armour
 r - 7 scrolls of teleportation
 v - 14 scrolls of identify
Potions
 c - 2 potions of mutation
 d - 11 potions of curing
 f - a potion of cancellation
 g - 4 potions of magic
 h - 5 potions of heal wounds
 o - 6 potions of enlightenment
 q - 2 potions of might
 s - a potion of haste

Dungeon Overview and Level Annotations

Branches:
Dungeon (15/15)            Temple (1/1) D:4            Lair (5/5) D:10
  Swamp (4/4) Lair:3        Snake (3/4) Lair:2        Slime (0/5) Lair:5
    Orc (2/2) D:12            Elf (0/3) Orc:2        Vaults (0/5) D:14
 Depths (0/4) D:15          Sewer (visited)

Altars:
Ashenzari
Cheibriados
Dithmenos
Elyvilon
Fedhas
Gozag
Hepliaklqana
Kikubaaqudgha
Makhleb
Nemelex Xobeh
Okawaru
Qazlal
Ru
Sif Muna
Trog
Uskayaw
Vehumet
Wu Jian
Xom
Yredelemnul
Zin
The Shining One
Jiyva
Lugonu

Shops:
D:6 :   D:9 =   D:11 [   Orc:2 ([(*

Portals:
Abyss: Lair:5

Annotations:
D:15 3 runed translucent doors, qw's ghost, journeyman DEHu
Lair:1 exclusion: black mamba
Lair:3 2 transporters, qw's ghost, journeyman GrHu
Swamp:4 Nikola


Message History

The five-headed hydra seems to grow more fierce.
You kill the spriggan druid!
Okawaru accepts your kill.
The forest abruptly stops moving.
The bolt closely misses Nikola.
The five-headed hydra completely misses you. x2
The five-headed hydra bites you.
The five-headed hydra completely misses you. x2
You shoot a bolt.
The bolt pierces through the swamp dragon.
The swamp dragon is severely wounded.
The bolt pierces through the flayed ghost!!!
You destroy the flayed ghost!
Okawaru accepts your kill.
You shoot a bolt.
The bolt pierces through the swamp dragon!
The swamp dragon is almost dead.
A flayed ghost comes into view.
The five-headed hydra completely misses you. x2
The five-headed hydra bites you.
The five-headed hydra completely misses you. x2
The swamp dragon completely misses you. You block the swamp dragon's attack.
The swamp dragon completely misses you.
You shoot a bolt.
The bolt pierces through the swamp dragon!!
You kill the swamp dragon!
Okawaru accepts your kill.
The swamp dragon scales are intact enough to wear.
The bolt closely misses the flayed ghost.
You shoot a bolt. The bolt pierces through Nikola!!
Nikola is lightly wounded.
You block the five-headed hydra's attack.
The five-headed hydra completely misses you. x2
The five-headed hydra bites you!!
The five-headed hydra completely misses you.
You shoot a bolt. The bolt pierces through Nikola!
Nikola is moderately wounded.
Nikola gestures wildly while chanting.
Lightning arcs from Nikola's hands!
The bolt of lightning hits you!!!!
Ouch! That really hurt!
You die...

..~.....~7 . ...~~~~
...7777777 ~.7~....~~.
~.~7 .7~~.~~.... ~777
7~~......¤.
%~777777777777~........~
~....77~~7...~.~..~....~
~~~~~..<.~.~~7.7.~..~~..
~~~~~~..~..~.77%%...7
~~~~~~.....~.7~[@@777
~.~¤~~...~¤~.77[D~.7
~.~~~~..~~~..7..~~~.7
~~~~~¤..~~~.~~.~~~~~7
~~~~~~.~.~.~.%~~~~¤¤7
.<~~~~~77..~..~.77777
7.(%~~.77#...##~7
77.~~~7# #..# 7# 77.~~~#


You could see Nikola and a five-headed hydra (strong).

Vanquished Creatures
  Mlioglotl (Swamp:2)
  Asterion (Snake:1)
  A thorn hunter (Swamp:1)
  Aizul (Snake:1)
  Roxanne (Snake:1)
  A fenstrider witch (Swamp:2)
  A nagaraja (Snake:3)
  An orc warlord (D:13)
  5 eleionomae
  Nessos (Orc:2)
  2 minotaurs (D:11)
  2 bunyips
  An ettin (D:15)
  Harold (Lair:1)
  Fannar (Lair:3)
  16 hydras
  4 vault guards (D:14)
  6 centaur warriors
  A death knight (D:13)
  4 ogre magi (Orc:2)
  5 alligators
  3 catoblepae
  A salamander tyrant (Snake:3)
  6 anacondas
  7 boulder beetles
  2 ghost crabs
  14 two-headed ogres
  7 death yaks
  2 thrashing horrors (Lair:5)
  4 naga warriors
  6 shock serpents
  An occultist (D:15)
  An orc high priest (Orc:2)
  11 naga sharpshooters
  2 skysharks
  3 salamander mystics (Snake:3)
  Amaemon (Lair:3)
  4 spriggan druids
  8 swamp dragons
  A flayed ghost (Swamp:4)
  7 mana vipers
  3 naga ritualists
  A bog body (Swamp:4)
  4 lightning spires (Swamp:3)
  A deep elf archer (D:13)
  2 orc knights
  2 deep elf pyromancers
  8 will-o-the-wisps
  A phantasmal warrior (Swamp:4)
  Maurice (D:8)
  An oklob plant (Snake:3)
  2 orc sorcerers (Orc:1)
  12 ugly things
  14 salamanders
  9 cyclopes
  A black mamba (shapeshifter) (D:13)
  4 manticores
  12 naga magi
  6 elephants
  27 black mambas
  A large abomination (Lair:5)
  A kobold blastminer (Orc:2)
  3 torpor snails
  2 smoke demons (Lair:5)
  A gargoyle (D:12)
  2 kobold demonologists (D:12)
  2 orange demons
  An unseen horror (shapeshifter) (D:13)
  16 cane toads
  2 efreet (D:15)
  3 rime drakes
  15 komodo dragons
  An unseen horror (D:12)
  4 tengu conjurers (D:15)
  9 yaktaurs (D:11)
  3 bloated husks (Swamp:3)
  2 polar bears
  9 trolls
  4 tyrant leeches
  Grinder (D:3)
  5 hornets
  2 raiju
  A dream sheep (shapeshifter) (D:14)
  24 blink frogs
  A slime creature (D:14)
  3 vampires
  A wraith (D:13)
  2 ynoxinuls (Lair:5)
  45 yaks
  4 shadows
  8 spriggans
  8 wyverns
  A wyvern (shapeshifter) (Lair:5)
  9 basilisks
  4 wargs
  A fire bat (Orc:2)
  18 vampire mosquitoes
  A chaos spawn (Lair:5)
  22 nagas
  9 swamp worms
  An acid dragon (D:10)
  2 sky beasts (D:8)
  21 water moccasins
  A hell hound (Orc:2)
  2 swamp drakes
  3 black bears
  28 ogres
  25 orc warriors
  12 small abominations (Lair:5)
  A boggart (D:14)
  17 wolves
  9 centaurs
  5 kobold brigands
  2 phantoms
  A gnoll sergeant (D:7)
  15 bullfrogs
  2 scorpions
  12 wights (D:8)
  3 killer bees (D:9)
  4 howler monkeys
  6 electric eels
  3 lava snakes (Lair:2)
  A bombardier beetle (D:4)
  3 hounds
  5 jellies
  12 orc priests
  A sleepcap (D:5)
  15 orc wizards
  Terence (D:3)
  4 iguanas
  25 gnolls
  17 adders
  2 shadow imps
  2 white imps
  13 dart slugs
  54 orcs
  7 bats
  18 endoplasms
  11 giant cockroaches
  4 goblins
  7 hobgoblins
  2 jackals (D:2)
  23 kobolds
  5 quokkas
  10 ball pythons
  11 frilled lizards
  6 rats
944 creatures vanquished.

Vanquished Creatures (others)
  A swamp worm (Swamp:3)
  4 foxfires
5 creatures vanquished.

Grand Total: 949 creatures vanquished

Notes
Turn   | Place    | Note
-------+----------+-------------------------------------------
     0 | D:1      | qw the Spriggan Hunter began the quest for the Orb.
     0 | D:1      | Reached XP level 1. HP: 10/10 MP: 2/2
     0 | D:1      | 0 ||| qw: Version: 0.3-a-155-g5e7d8dd
     0 | D:1      | 0 ||| qw: Game counter: 690
     0 | D:1      | 0 ||| qw: Melee chars always use a shield: true
     0 | D:1      | 0 ||| qw: God list: Okawaru
     0 | D:1      | 0 ||| qw: Allow faded altars: false
     0 | D:1      | 0 ||| qw: Do Orc after clearing Dungeon:15 true
     0 | D:1      | 0 ||| qw: Do second Lair branch before Depths: true
     0 | D:1      | 0 ||| qw: Lair rune preference: random
     0 | D:1      | 0 ||| qw: Goals: Normal
     0 | D:1      | 0 ||| PLANNING D:1-11
    94 | D:1      | Reached skill level 3 in Dodging
   112 | D:1      | Reached XP level 2. HP: 14/14 MP: 3/3
   139 | D:1      | Reached skill level 4 in Dodging
   645 | D:1      | 645 ||| READING scroll labelled RYOKA YCOM.
   645 | D:1      | 645 ||| IDENTIFYING sedimented grey potion
   646 | D:1      | 646 ||| DROPPING scroll of butterflies.
   689 | D:2      | Reached XP level 3. HP: 18/18 MP: 4/4
   720 | D:2      | Identified the +1 robe of the Beginning {rF+ rC- Str+4}
   813 | D:2      | You fall into a shaft and drop 1 floor!
   821 | D:3      | Found a bloodstained altar of Trog.
   827 | D:3      | Noticed Terence
   851 | D:3      | Killed Terence
   961 | D:3      | Noticed Grinder
   972 | D:3      | Killed Grinder
   973 | D:3      | Reached skill level 7 in Dodging
   973 | D:3      | Reached XP level 4. HP: 14/22 MP: 5/5
   973 | D:3      | Reached XP level 5. HP: 16/25 MP: 6/6
   973 | D:3      | Reached XP level 6. HP: 19/30 MP: 7/7
  1212 | D:3      | 1212 ||| UPGRADING to +1 robe of the Beginning {rF+ rC-
                  | Str+4}.
  1222 | D:3      | 1222 ||| UPGRADING to +0 cloak.
  1227 | D:3      | 1227 ||| READING 4 scrolls of identify.
  1227 | D:3      | 1227 ||| IDENTIFYING bubbling ruby potion
  1228 | D:3      | 1228 ||| READING 3 scrolls of identify.
  1228 | D:3      | 1228 ||| IDENTIFYING clear potion
  1229 | D:3      | 1229 ||| READING 2 scrolls of identify.
  1229 | D:3      | 1229 ||| IDENTIFYING blue potion
  1230 | D:3      | 1230 ||| READING scroll of identify.
  1230 | D:3      | 1230 ||| IDENTIFYING 2 scrolls labelled NANYISI HUBIJI
  1231 | D:3      | 1231 ||| READING 2 scrolls labelled ASHOAHU YMET.
  1232 | D:3      | 1232 ||| DROPPING 2 scrolls of vulnerability.
  1233 | D:3      | 1233 ||| DROPPING scroll of blinking.
  1234 | D:3      | 1234 ||| DROPPING potion of degeneration.
  1235 | D:3      | 1235 ||| DROPPING potion of ambrosia.
  1452 | D:2      | 1452 ||| READING scroll labelled XITHRAN CACZASE.
  1454 | D:2      | 1454 ||| Stepping ~*~*~tactically~*~*~ (cloud).
  2019 | D:4      | Found a staircase to the Ecumenical Temple.
  2020 | D:4      | 2020 ||| PLANNING TEMPLE
  2020 | D:4      | 2020 ||| READING scroll labelled SUMIAWK LATA.
  2054 | Temple   | Entered the Ecumenical Temple
  2055 | Temple   | 2055 ||| PLANNING D:1-11
  2437 | D:4      | Reached skill level 6 in Ranged Weapons
  2704 | D:4      | 2704 ||| READING 2 scrolls labelled HOIVIQUILE.
  2705 | D:4      | 2705 ||| DROPPING scroll of noise.
  2711 | D:5      | Entered Level 5 of the Dungeon
  2781 | D:5      | Found an iron altar of Okawaru.
  2782 | D:5      | 2782 ||| PLANNING OKAWARU WORSHIP
  2791 | D:5      | Became a worshipper of Warmaster Okawaru
  2792 | D:5      | 2792 ||| PLANNING D:1-11
  2814 | D:5      | Reached XP level 7. HP: 35/35 MP: 8/8
  3216 | D:5      | Found a sacrificial altar of Ru.
  3384 | D:5      | 3384 ||| READING scroll of identify.
  3384 | D:5      | 3384 ||| IDENTIFYING 4 scrolls labelled MIUL HATRUG
  3385 | D:5      | 3385 ||| DROPPING 4 scrolls of fear.
  3418 | D:6      | 3418 ||| PLANNING SEWER
  3480 | D:6      | Reached * piety under Okawaru
  3530 | D:6      | 3530 ||| RETREEEEATING.
  3531 | D:6      | 3531 ||| INVOKING Heroism.
  3533 | D:6      | Reached skill level 8 in Dodging
  3542 | D:6      | Reached XP level 8. HP: 34/39 MP: 6/9
  3593 | D:6      | Reached skill level 1 in Invocations
  3796 | D:6      | Found a glowing drain.
  3797 | D:6      | 3797 ||| UPGRADING to +6 ring of dexterity.
  3798 | D:6      | 3798 ||| READING scroll of identify.
  3798 | D:6      | 3798 ||| IDENTIFYING scroll labelled KEOKAP MAKHLIW
  3799 | D:6      | 3799 ||| READING 3 scrolls labelled WOHAUMU REINKI.
  3800 | D:6      | 3800 ||| READING scroll labelled PATULA WOESA.
  3800 | D:6      | 3800 ||| ENCHANTING +0 cloak.
  3801 | D:6      | 3801 ||| DROPPING scroll of revelation.
  3802 | D:6      | 3802 ||| DROPPING 2 scrolls of fog.
  3806 | Sewer    | Entered a sewer
  4085 | Sewer    | 4085 ||| READING scroll labelled WAUGHU TOYMPUX.
  4105 | D:6      | 4105 ||| PLANNING D:1-11
  4206 | D:6      | Reached skill level 3 in Invocations
  4271 | D:6      | Reached skill level 9 in Dodging
  4293 | D:6      | Found Qaesumob's Tiny Tomes.
  4349 | D:6      | 4349 ||| READING scroll of identify.
  4349 | D:6      | 4349 ||| IDENTIFYING fizzy orange potion
  4435 | D:7      | Reached ** piety under Okawaru
  4445 | D:7      | Reached skill level 3 in Fighting
  4482 | D:7      | 4482 ||| INVOKING Heroism.
  4559 | D:7      | 4559 ||| SWAPPING to +2 shortbow of flaming.
  4560 | D:7      | 4560 ||| DROPPING +0 shortbow.
  4636 | D:7      | Reached XP level 9. HP: 44/44 MP: 13/13
  4783 | D:7      | HP: 2/44 [gnoll/+0 halberd[a gnoll sergeant] (14)]
  4784 | D:7      | 4784 ||| READING scroll of teleportation.
  4785 | D:7      | 4785 ||| DRINKING 3 potions of heal wounds.
  5116 | D:7      | 5116 ||| READING scroll of identify.
  5116 | D:7      | 5116 ||| IDENTIFYING coppery potion
  5117 | D:7      | 5117 ||| READING scroll labelled ORI VUECRE.
  5118 | D:7      | 5118 ||| DROPPING potion of lignification.
  5126 | D:8      | Reached skill level 10 in Dodging
  5127 | D:8      | 5127 ||| INVOKING Heroism.
  5128 | D:8      | 5128 ||| STAIRDANCE
  5138 | D:7      | Reached skill level 9 in Ranged Weapons
  5146 | D:8      | 5146 ||| STAIRDANCE
  5153 | D:7      | Reached *** piety under Okawaru
  5174 | D:8      | 5174 ||| STAIRDANCE
  5199 | D:8      | 5199 ||| STAIRDANCE
  5207 | D:7      | Reached skill level 11 in Dodging
  5209 | D:8      | 5209 ||| STAIRDANCE
  5250 | D:8      | 5250 ||| STAIRDANCE
  5261 | D:8      | 5261 ||| STAIRDANCE
  5273 | D:8      | Found a hazy altar of Hepliaklqana.
  5276 | D:8      | Found a shadowy altar of Dithmenos.
  5334 | D:8      | 5334 ||| RETREEEEATING.
  5336 | D:8      | 5336 ||| RETREEEEATING.
  5339 | D:8      | 5339 ||| RETREEEEATING.
  5351 | D:8      | Reached skill level 12 in Dodging
  5360 | D:8      | Reached **** piety under Okawaru
  5392 | D:8      | Noticed Maurice
  5393 | D:8      | 5393 ||| INVOKING Finesse.
  5403 | D:8      | Killed Maurice
  5404 | D:8      | Reached XP level 10. HP: 51/51 MP: 8/14
  5916 | D:8      | 5916 ||| UPGRADING to +1 cloak of poison resistance.
  5926 | D:8      | 5926 ||| DROPPING +1 cloak.
  5927 | D:8      | 5927 ||| READING scroll labelled DAETZICKEALYR.
  5927 | D:8      | 5927 ||| ENCHANTING +2 shortbow of flaming.
  5933 | D:9      | Found a stormy altar of Qazlal.
  6019 | D:9      | 6019 ||| RETREEEEATING.
  6020 | D:9      | 6020 ||| RETREEEEATING.
  6028 | D:9      | 6028 ||| RETREEEEATING.
  6029 | D:9      | 6029 ||| RETREEEEATING.
  6030 | D:9      | 6030 ||| RETREEEEATING.
  6031 | D:9      | 6031 ||| RETREEEEATING.
  6032 | D:9      | 6032 ||| RETREEEEATING.
  6033 | D:9      | 6033 ||| RETREEEEATING.
  6034 | D:9      | 6034 ||| RETREEEEATING.
  6039 | D:9      | Reached skill level 6 in Invocations
  6045 | D:9      | Reached ***** piety under Okawaru
  6171 | D:9      | Found Mapleam's Jewellery Emporium.
  6179 | D:9      | 6179 ||| BUYING +4 ring of protection (468 gold).
  6179 | D:9      | Bought a +4 ring of protection for 468 gold pieces
  6179 | D:9      | 6179 ||| SHOPLISTING amulet of the acrobat (390 gold, have
                  | 53).
  6179 | D:9      | 6179 ||| SHOPLISTING ring "Ovopotus" {rF+ rCorr Str+3} (523
                  | gold, have 53).
  6179 | D:9      | 6179 ||| SHOPLISTING ring of poison resistance (260 gold,
                  | have 53).
  6179 | D:9      | 6179 ||| SHOPLISTING ring of protection from fire (325
                  | gold, have 53).
  6188 | D:9      | Found a glowing golden altar of the Shining One.
  6262 | D:9      | Identified the +6 battleaxe of Offence {venom, Will+ Dex+2
                  | SInv}
  6508 | D:9      | Found a shimmering altar of Xom.
  6615 | D:9      | 6615 ||| DROPPING +0 robe.
  6616 | D:9      | 6616 ||| UPGRADING to +0 troll leather armour.
  6626 | D:9      | 6626 ||| UPGRADING to +4 ring of protection.
  6627 | D:9      | 6627 ||| READING 2 scrolls of identify.
  6627 | D:9      | 6627 ||| IDENTIFYING cyan potion
  6670 | D:10     | Entered Level 10 of the Dungeon
  6670 | D:10     | Noticed a boulder beetle
  6671 | D:10     | 6671 ||| INVOKING Finesse.
  6677 | D:10     | 6677 ||| STAIRDANCE
  6708 | D:9      | Killed a boulder beetle
  6709 | D:9      | Reached skill level 1 in Armour
  6732 | D:10     | 6732 ||| STAIRDANCE
  6834 | D:10     | Found a shimmering blue altar of Sif Muna.
  7097 | D:10     | Identified the +8 mace of the Hero {flame, rPois Int+2}
  7232 | D:10     | Received a gift from Okawaru
  7233 | D:10     | Reached XP level 11. HP: 54/54 MP: 17/17
  7238 | D:10     | 7238 ||| RETREEEEATING.
  7239 | D:10     | 7239 ||| RETREEEEATING.
  7240 | D:10     | 7240 ||| RETREEEEATING.
  7241 | D:10     | 7241 ||| INVOKING Finesse.
  7242 | D:10     | 7242 ||| INVOKING Heroism.
  7248 | D:10     | Reached skill level 13 in Dodging
  7524 | D:10     | Found a staircase to the Lair.
  7577 | D:10     | Found an ornate altar of the Wu Jian Council.
  7688 | D:10     | 7688 ||| PLANNING LAIR
  7688 | D:10     | 7688 ||| READING scroll of identify.
  7688 | D:10     | 7688 ||| IDENTIFYING orange potion
  7737 | Lair:1   | Entered Level 1 of the Lair of Beasts
  7789 | Lair:1   | 7789 ||| INVOKING Finesse.
  7835 | Lair:1   | Noticed a seven-headed hydra
  7848 | Lair:1   | Killed a seven-headed hydra
  7850 | Lair:1   | Noticed a five-headed hydra
  7865 | Lair:1   | Killed a five-headed hydra
  7870 | Lair:1   | Reached skill level 9 in Invocations
  7878 | Lair:1   | Received a gift from Okawaru
  7984 | Lair:1   | Noticed a catoblepas
  7985 | Lair:1   | 7985 ||| INVOKING Finesse.
  7990 | Lair:1   | 7990 ||| Stepping ~*~*~tactically~*~*~ (cloud).
  7996 | Lair:1   | 7996 ||| Stepping ~*~*~tactically~*~*~ (cloud).
  7998 | Lair:1   | 7998 ||| Stepping ~*~*~tactically~*~*~ (cloud).
  8002 | Lair:1   | 8002 ||| Stepping ~*~*~tactically~*~*~ (cloud).
  8011 | Lair:1   | Killed a catoblepas
  8012 | Lair:1   | Reached skill level 12 in Ranged Weapons
  8092 | Lair:1   | Noticed Harold
  8093 | Lair:1   | 8093 ||| INVOKING Finesse.
  8112 | Lair:1   | 8112 ||| RETREEEEATING.
  8124 | Lair:1   | Killed Harold
  8131 | Lair:1   | 8131 ||| RETREEEEATING.
  8132 | Lair:1   | 8132 ||| RETREEEEATING.
  8133 | Lair:1   | 8133 ||| RETREEEEATING.
  8134 | Lair:1   | 8134 ||| RETREEEEATING.
  8135 | Lair:1   | 8135 ||| RETREEEEATING.
  8288 | Lair:2   | 8288 ||| STAIRDANCE
  8292 | Lair:2   | 8292 ||| STAIRDANCE
  8296 | Lair:2   | 8296 ||| STAIRDANCE
  8301 | Lair:1   | 8301 ||| RETREEEEATING.
  8303 | Lair:1   | 8303 ||| RETREEEEATING.
  8307 | Lair:1   | 8307 ||| RETREEEEATING.
  8310 | Lair:1   | 8310 ||| RETREEEEATING.
  8311 | Lair:1   | 8311 ||| RETREEEEATING.
  8312 | Lair:1   | 8312 ||| RETREEEEATING.
  8313 | Lair:1   | 8313 ||| RETREEEEATING.
  8316 | Lair:1   | 8316 ||| RETREEEEATING.
  8317 | Lair:1   | 8317 ||| RETREEEEATING.
  8318 | Lair:1   | 8318 ||| RETREEEEATING.
  8319 | Lair:1   | 8319 ||| RETREEEEATING.
  8320 | Lair:1   | 8320 ||| RETREEEEATING.
  8322 | Lair:1   | 8322 ||| RETREEEEATING.
  8323 | Lair:1   | 8323 ||| RETREEEEATING.
  8324 | Lair:1   | 8324 ||| RETREEEEATING.
  8340 | Lair:1   | Reached XP level 12. HP: 40/60 MP: 20/20
  8353 | Lair:1   | Reached skill level 14 in Dodging
  8379 | Lair:2   | 8379 ||| STAIRDANCE
  8429 | Lair:1   | Received a gift from Okawaru
  8583 | Lair:1   | Noticed a catoblepas
  8584 | Lair:1   | 8584 ||| INVOKING Finesse.
  8590 | Lair:1   | 8590 ||| Stepping ~*~*~tactically~*~*~ (cloud).
  8592 | Lair:1   | 8592 ||| Stepping ~*~*~tactically~*~*~ (cloud).
  8594 | Lair:1   | 8594 ||| Stepping ~*~*~tactically~*~*~ (cloud).
  8601 | Lair:1   | Killed a catoblepas
  8755 | Lair:1   | 8755 ||| RETREEEEATING.
  8757 | Lair:1   | 8757 ||| RETREEEEATING.
  8763 | Lair:1   | 8763 ||| RETREEEEATING.
  8768 | Lair:1   | 8768 ||| RETREEEEATING.
  8769 | Lair:1   | 8769 ||| RETREEEEATING.
  8770 | Lair:1   | 8770 ||| RETREEEEATING.
  8771 | Lair:1   | 8771 ||| RETREEEEATING.
  8772 | Lair:1   | 8772 ||| RETREEEEATING.
  8776 | Lair:1   | 8776 ||| RETREEEEATING.
  8950 | Lair:1   | 8950 ||| RETREEEEATING.
  8952 | Lair:1   | 8952 ||| RETREEEEATING.
  9119 | Lair:2   | Noticed an eight-headed hydra
  9120 | Lair:2   | 9120 ||| INVOKING Finesse.
  9128 | Lair:2   | Killed an eight-headed hydra
  9209 | Lair:2   | Reached skill level 15 in Dodging
  9536 | Lair:2   | Found a staircase to the Snake Pit.
  9768 | Lair:2   | 9768 ||| READING scroll of identify.
  9768 | Lair:2   | 9768 ||| IDENTIFYING purple potion
  9793 | Lair:3   | Found a transporter.
  9796 | Lair:3   | 9796 ||| INVOKING Finesse.
  9797 | Lair:3   | 9797 ||| STAIRDANCE
  9829 | Lair:3   | 9829 ||| STAIRDANCE
  9849 | Lair:3   | Found a bloodstained altar of Trog.
  9851 | Lair:3   | Noticed qw's ghost (journeyman GrHu)
  9854 | Lair:3   | 9854 ||| RETREEEEATING.
  9863 | Lair:3   | 9863 ||| RETREEEEATING.
  9864 | Lair:3   | 9864 ||| RETREEEEATING.
  9865 | Lair:3   | 9865 ||| RETREEEEATING.
  9866 | Lair:3   | 9866 ||| RETREEEEATING.
  9867 | Lair:3   | 9867 ||| RETREEEEATING.
  9868 | Lair:3   | 9868 ||| RETREEEEATING.
  9869 | Lair:3   | 9869 ||| RETREEEEATING.
  9870 | Lair:3   | 9870 ||| RETREEEEATING.
  9896 | Lair:3   | Found a transporter.
  9908 | Lair:3   | 9908 ||| INVOKING Finesse.
  9992 | Lair:3   | Noticed a death yak
  9994 | Lair:3   | Noticed a five-headed hydra
  9995 | Lair:3   | Noticed a death yak
  9996 | Lair:3   | 9996 ||| RETREEEEATING.
  9997 | Lair:3   | 9997 ||| RETREEEEATING.
  9999 | Lair:3   | 9999 ||| RETREEEEATING.
 10000 | Lair:3   | Noticed a death yak
 10001 | Lair:3   | 10001 ||| RETREEEEATING.
 10003 | Lair:3   | 10003 ||| RETREEEEATING.
 10005 | Lair:3   | 10005 ||| RETREEEEATING.
 10007 | Lair:3   | 10007 ||| RETREEEEATING.
 10010 | Lair:3   | Reached skill level 16 in Dodging
 10010 | Lair:3   | 10010 ||| INVOKING Finesse.
 10019 | Lair:3   | Killed a five-headed hydra
 10033 | Lair:3   | Killed a death yak
 10045 | Lair:3   | Killed a death yak
 10046 | Lair:3   | Reached skill level 6 in Fighting
 10064 | Lair:3   | Killed a death yak
 10114 | Lair:3   | Reached XP level 13. HP: 65/65 MP: 21/21
 10133 | Lair:3   | 10133 ||| RETREEEEATING.
 10134 | Lair:3   | 10134 ||| RETREEEEATING.
 10135 | Lair:3   | 10135 ||| RETREEEEATING.
 10136 | Lair:3   | 10136 ||| RETREEEEATING.
 10144 | Lair:3   | 10144 ||| INVOKING Finesse.
 10258 | Lair:3   | Reached skill level 17 in Dodging
 10423 | Lair:3   | Noticed Fannar
 10448 | Lair:3   | Killed Fannar
 10581 | Lair:3   | Found a staircase to the Swamp.
 10724 | Lair:3   | Noticed Amaemon
 10738 | Lair:3   | Killed Amaemon
 10908 | Lair:4   | 10908 ||| STAIRDANCE
 10918 | Lair:3   | Reached skill level 18 in Dodging
 10926 | Lair:4   | 10926 ||| STAIRDANCE
 11026 | Lair:4   | Reached ****** piety under Okawaru
 11036 | Lair:4   | 11036 ||| INVOKING Receive Weapon.
 11036 | Lair:4   | 11036 ||| ACQUIRING +7 arbalest "Dushot" {penet, Will+
                  | Dex+2}
 11036 | Lair:4   | Acquired the +7 arbalest "Dushot" {penet, Will+ Dex+2}
 11036 | Lair:4   | Received a gift from Okawaru
 11037 | Lair:4   | 11037 ||| INVOKING Receive Armour.
 11037 | Lair:4   | 11037 ||| ACQUIRING +1 robe of Vines {NoPotionHeal
                  | Regen++++}
 11037 | Lair:4   | Acquired the +1 robe of Vines {NoPotionHeal Regen++++}
 11037 | Lair:4   | Received a gift from Okawaru
 11037 | Lair:4   | Found the +1 robe of Vines {NoPotionHeal Regen++++}
 11039 | Lair:4   | 11039 ||| SWAPPING to +7 arbalest "Dushot" {penet, Will+
                  | Dex+2}.
 11040 | Lair:4   | 11040 ||| DROPPING +3 shortbow of flaming.
 11082 | Lair:4   | 11082 ||| RETREEEEATING.
 11087 | Lair:4   | Received a gift from Okawaru
 11220 | Lair:4   | 11220 ||| INVOKING Finesse.
 11779 | Lair:4   | 11779 ||| DROPPING +1 robe of the Beginning {rF+ rC-
                  | Str+4}.
 11780 | Lair:4   | 11780 ||| UPGRADING to +1 robe of Vines {NoPotionHeal
                  | Regen++++}.
 11790 | Lair:4   | 11790 ||| DROPPING +0 troll leather armour.
 11791 | Lair:4   | 11791 ||| READING 3 scrolls of identify.
 11791 | Lair:4   | 11791 ||| IDENTIFYING silvery potion
 11792 | Lair:4   | 11792 ||| DROPPING potion of brilliance.
 11818 | Lair:5   | Entered Level 5 of the Lair of Beasts
 11819 | Lair:5   | 11819 ||| STAIRDANCE
 11823 | Lair:5   | 11823 ||| RETREEEEATING.
 11824 | Lair:5   | 11824 ||| RETREEEEATING.
 11825 | Lair:5   | 11825 ||| RETREEEEATING.
 11826 | Lair:5   | 11826 ||| RETREEEEATING.
 11827 | Lair:5   | 11827 ||| RETREEEEATING.
 11828 | Lair:5   | 11828 ||| RETREEEEATING.
 11835 | Lair:5   | Reached skill level 15 in Ranged Weapons
 11867 | Lair:5   | Identified the +9 morningstar "Ostreuz" {spect, rElec rCorr
                  | SInv Stlth+}
 11900 | Lair:5   | Found a viscous altar of Jiyva.
 11900 | Lair:5   | Found a staircase to the Slime Pits.
 12014 | Lair:5   | Received a gift from Okawaru
 12083 | Lair:5   | Got an earthy gem with 782 turns to spare
 12100 | Lair:5   | Reached skill level 19 in Dodging
 12119 | Lair:5   | 12119 ||| RETREEEEATING.
 12122 | Lair:5   | 12122 ||| RETREEEEATING.
 12124 | Lair:5   | 12124 ||| RETREEEEATING.
 12125 | Lair:5   | 12125 ||| RETREEEEATING.
 12129 | Lair:5   | 12129 ||| RETREEEEATING.
 12131 | Lair:5   | 12131 ||| RETREEEEATING.
 12132 | Lair:5   | 12132 ||| RETREEEEATING.
 12133 | Lair:5   | 12133 ||| RETREEEEATING.
 12134 | Lair:5   | 12134 ||| RETREEEEATING.
 12135 | Lair:5   | 12135 ||| RETREEEEATING.
 12162 | Lair:5   | 12162 ||| RETREEEEATING.
 12164 | Lair:5   | 12164 ||| RETREEEEATING.
 12166 | Lair:5   | 12166 ||| RETREEEEATING.
 12167 | Lair:5   | 12167 ||| RETREEEEATING.
 12168 | Lair:5   | 12168 ||| RETREEEEATING.
 12169 | Lair:5   | 12169 ||| RETREEEEATING.
 12170 | Lair:5   | 12170 ||| RETREEEEATING.
 12172 | Lair:5   | 12172 ||| RETREEEEATING.
 12173 | Lair:5   | 12173 ||| RETREEEEATING.
 12174 | Lair:5   | 12174 ||| RETREEEEATING.
 12175 | Lair:5   | 12175 ||| RETREEEEATING.
 12177 | Lair:5   | 12177 ||| RETREEEEATING.
 12178 | Lair:5   | 12178 ||| RETREEEEATING.
 12179 | Lair:5   | 12179 ||| RETREEEEATING.
 12187 | Lair:5   | Reached XP level 14. HP: 70/70 MP: 22/22
 12189 | Lair:5   | 12189 ||| RETREEEEATING.
 12222 | Lair:5   | 12222 ||| INVOKING Finesse.
 12388 | Lair:5   | 12388 ||| RETREEEEATING.
 12389 | Lair:5   | 12389 ||| RETREEEEATING.
 12390 | Lair:5   | 12390 ||| RETREEEEATING.
 12408 | Lair:5   | Received a gift from Okawaru
 12593 | Lair:5   | 12593 ||| RETREEEEATING.
 12594 | Lair:5   | 12594 ||| RETREEEEATING.
 12595 | Lair:5   | 12595 ||| RETREEEEATING.
 12596 | Lair:5   | 12596 ||| RETREEEEATING.
 12597 | Lair:5   | 12597 ||| RETREEEEATING.
 12721 | Lair:5   | 12721 ||| INVOKING Finesse.
 12879 | Lair:5   | 12879 ||| INVOKING Finesse.
 12880 | Lair:5   | 12880 ||| INVOKING Heroism.
 12978 | Lair:5   | Found a corrupted altar of Lugonu.
 12978 | Lair:5   | Found a one-way gate to the infinite horrors of the Abyss.
 12988 | Lair:5   | 12988 ||| PLANNING D:1-11
 13236 | D:11     | Reached skill level 20 in Dodging
 13242 | D:11     | Received a gift from Okawaru
 13445 | D:11     | 13445 ||| RETREEEEATING.
 13446 | D:11     | 13446 ||| RETREEEEATING.
 13463 | D:11     | Identified the +10 quarterstaff of Aryfyroo {flame, Dex+3}
 13636 | D:11     | Found a snail-covered altar of Cheibriados.
 13636 | D:11     | Found Cheibriados's Comfort Zone.
 13650 | D:11     | Received a gift from Okawaru
 14068 | D:11     | 14068 ||| PLANNING D
 14068 | D:11     | 14068 ||| DROPPING scarf of repulsion.
 14506 | D:12     | Found a staircase to the Orcish Mines.
 14758 | D:12     | 14758 ||| READING 10 scrolls of identify.
 14758 | D:12     | 14758 ||| IDENTIFYING smoky amethyst potion
 14759 | D:12     | 14759 ||| READING 9 scrolls of identify.
 14759 | D:12     | 14759 ||| IDENTIFYING 2 viscous pink potions
 14760 | D:12     | 14760 ||| DROPPING 2 potions of attraction.
 14761 | D:12     | 14761 ||| DROPPING potion of berserk rage.
 14858 | D:13     | Reached skill level 21 in Dodging
 15156 | D:13     | Reached XP level 15. HP: 75/75 MP: 23/23
 15392 | D:13     | 15392 ||| RETREEEEATING.
 15403 | D:13     | Received a gift from Okawaru
 15458 | D:13     | 15458 ||| READING scroll of enchant armour.
 15458 | D:13     | 15458 ||| ENCHANTING +1 cloak of poison resistance.
 15722 | D:13     | 15722 ||| DROPPING amulet of magic regeneration.
 15723 | D:13     | 15723 ||| UPGRADING to amulet of reflection.
 15728 | D:13     | 15728 ||| DROPPING amulet of guardian spirit.
 15729 | D:13     | 15729 ||| DROPPING ring of positive energy.
 15880 | D:14     | Found a gate to the Vaults.
 15881 | D:14     | 15881 ||| RETREEEEATING.
 15882 | D:14     | 15882 ||| RETREEEEATING.
 15885 | D:14     | 15885 ||| RETREEEEATING.
 15887 | D:14     | 15887 ||| RETREEEEATING.
 15888 | D:14     | 15888 ||| RETREEEEATING.
 15895 | D:14     | 15895 ||| RETREEEEATING.
 15897 | D:14     | 15897 ||| RETREEEEATING.
 15899 | D:14     | 15899 ||| RETREEEEATING.
 15903 | D:14     | 15903 ||| RETREEEEATING.
 15904 | D:14     | 15904 ||| RETREEEEATING.
 15910 | D:14     | Reached skill level 22 in Dodging
 16001 | D:14     | 16001 ||| RETREEEEATING.
 16005 | D:14     | 16005 ||| RETREEEEATING.
 16012 | D:14     | 16012 ||| RETREEEEATING.
 16019 | D:14     | Received a gift from Okawaru
 16274 | D:14     | 16274 ||| Stepping ~*~*~tactically~*~*~ (cloud).
 16275 | D:14     | 16275 ||| Stepping ~*~*~tactically~*~*~ (cloud).
 16343 | D:14     | Found a shimmering blue altar of Sif Muna.
 16377 | D:14     | 16377 ||| READING 10 scrolls of identify.
 16377 | D:14     | 16377 ||| IDENTIFYING pink potion
 16378 | D:14     | 16378 ||| READING 9 scrolls of identify.
 16378 | D:14     | 16378 ||| IDENTIFYING amethyst potion
 16382 | D:15     | Entered Level 15 of the Dungeon
 16444 | D:15     | Reached skill level 18 in Ranged Weapons
 16481 | D:15     | Found a staircase to the Depths.
 16490 | D:15     | Got a smoky gem with 1341 turns to spare
 16547 | D:15     | Found a runed translucent gate.
 16547 | D:15     | Found a runed translucent gate.
 16548 | D:15     | Found a runed translucent gate.
 16549 | D:15     | Noticed qw's ghost (journeyman DEHu)
 17057 | D:15     | 17057 ||| PLANNING ORC
 17187 | Orc:1    | Entered Level 1 of the Orcish Mines
 17508 | Orc:2    | Entered Level 2 of the Orcish Mines
 17533 | Orc:1    | Received a gift from Okawaru
 17654 | Orc:1    | 17654 ||| Stepping randomly (stuck).
 17655 | Orc:1    | 17655 ||| Stepping randomly (stuck).
 17656 | Orc:1    | 17656 ||| Stepping randomly (stuck).
 17657 | Orc:1    | 17657 ||| Stepping randomly (stuck).
 17658 | Orc:1    | 17658 ||| Stepping randomly (stuck).
 17659 | Orc:1    | 17659 ||| Stepping randomly (stuck).
 17660 | Orc:1    | 17660 ||| Stepping randomly (stuck).
 17661 | Orc:1    | 17661 ||| Stepping randomly (stuck).
 17662 | Orc:1    | 17662 ||| Stepping randomly (stuck).
 17663 | Orc:1    | 17663 ||| Stepping randomly (stuck).
 17664 | Orc:1    | 17664 ||| Stepping randomly (stuck).
 17665 | Orc:1    | 17665 ||| Stepping randomly (stuck).
 17666 | Orc:1    | 17666 ||| Stepping randomly (stuck).
 17667 | Orc:1    | 17667 ||| Stepping randomly (stuck).
 17668 | Orc:1    | 17668 ||| Stepping randomly (stuck).
 17669 | Orc:1    | 17669 ||| Stepping randomly (stuck).
 17670 | Orc:1    | 17670 ||| Stepping randomly (stuck).
 17671 | Orc:1    | 17671 ||| Stepping randomly (stuck).
 17672 | Orc:1    | 17672 ||| Stepping randomly (stuck).
 17673 | Orc:1    | 17673 ||| Stepping randomly (stuck).
 17674 | Orc:1    | 17674 ||| Stepping randomly (stuck).
 17675 | Orc:1    | 17675 ||| Stepping randomly (stuck).
 17676 | Orc:1    | 17676 ||| Stepping randomly (stuck).
 17677 | Orc:1    | 17677 ||| Stepping randomly (stuck).
 17678 | Orc:1    | 17678 ||| Stepping randomly (stuck).
 17679 | Orc:1    | 17679 ||| Stepping randomly (stuck).
 17680 | Orc:1    | 17680 ||| Stepping randomly (stuck).
 17681 | Orc:1    | 17681 ||| Stepping randomly (stuck).
 17682 | Orc:1    | 17682 ||| Stepping randomly (stuck).
 17683 | Orc:1    | 17683 ||| Stepping randomly (stuck).
 17684 | Orc:1    | 17684 ||| Stepping randomly (stuck).
 17685 | Orc:1    | 17685 ||| Stepping randomly (stuck).
 17686 | Orc:1    | 17686 ||| Stepping randomly (stuck).
 17687 | Orc:1    | 17687 ||| Stepping randomly (stuck).
 17688 | Orc:1    | 17688 ||| Stepping randomly (stuck).
 17689 | Orc:1    | 17689 ||| Stepping randomly (stuck).
 17690 | Orc:1    | 17690 ||| Stepping randomly (stuck).
 17691 | Orc:1    | 17691 ||| Stepping randomly (stuck).
 17692 | Orc:1    | 17692 ||| Stepping randomly (stuck).
 17693 | Orc:1    | 17693 ||| Stepping randomly (stuck).
 17694 | Orc:1    | 17694 ||| Stepping randomly (stuck).
 17695 | Orc:1    | 17695 ||| Stepping randomly (stuck).
 17696 | Orc:1    | 17696 ||| Stepping randomly (stuck).
 17697 | Orc:1    | 17697 ||| Stepping randomly (stuck).
 17698 | Orc:1    | 17698 ||| Stepping randomly (stuck).
 17699 | Orc:1    | 17699 ||| Stepping randomly (stuck).
 17700 | Orc:1    | 17700 ||| Stepping randomly (stuck).
 17701 | Orc:1    | 17701 ||| Stepping randomly (stuck).
 17702 | Orc:1    | 17702 ||| Stepping randomly (stuck).
 17703 | Orc:1    | 17703 ||| Stepping randomly (stuck).
 17704 | Orc:1    | 17704 ||| Stepping randomly (stuck).
 17705 | Orc:1    | 17705 ||| READING 6 scrolls of teleportation.
 17758 | Orc:2    | 17758 ||| RETREEEEATING.
 17775 | Orc:2    | 17775 ||| RETREEEEATING.
 17776 | Orc:2    | 17776 ||| RETREEEEATING.
 17777 | Orc:2    | 17777 ||| RETREEEEATING.
 17795 | Orc:2    | 17795 ||| INVOKING Finesse.
 17805 | Orc:2    | Reached skill level 23 in Dodging
 17819 | Orc:2    | Received a gift from Okawaru
 17849 | Orc:2    | Noticed Nessos
 17852 | Orc:2    | Killed Nessos
 17869 | Orc:2    | 17869 ||| RETREEEEATING.
 17870 | Orc:2    | 17870 ||| RETREEEEATING.
 17871 | Orc:2    | 17871 ||| RETREEEEATING.
 17872 | Orc:2    | 17872 ||| RETREEEEATING.
 17873 | Orc:2    | 17873 ||| RETREEEEATING.
 17874 | Orc:2    | 17874 ||| RETREEEEATING.
 17992 | Orc:2    | Reached XP level 16. HP: 81/81 MP: 24/24
 18136 | Orc:2    | Reached skill level 24 in Dodging
 18255 | Orc:2    | Found a staircase to the Elven Halls.
 18315 | Orc:2    | Found Zesalots's Antique Weapon Shop.
 18315 | Orc:2    | Found Dacaf's Antique Weapon Emporium.
 18315 | Orc:2    | Found Hyphehum's Assorted Antiques.
 18315 | Orc:2    | Found Miuseil's Antique Armour Shop.
 18323 | Orc:2    | 18323 ||| BUYING knobbly garnet ring (130 gold).
 18323 | Orc:2    | Bought a knobbly garnet ring for 130 gold pieces
 18323 | Orc:2    | 18323 ||| BUYING scroll of identify (52 gold).
 18323 | Orc:2    | Bought a scroll of identify for 52 gold pieces
 18323 | Orc:2    | 18323 ||| BUYING yellow potion (23 gold).
 18323 | Orc:2    | Bought a yellow potion for 23 gold pieces
 18344 | Orc:2    | Found a shimmering altar of Xom.
 18429 | Orc:2    | 18429 ||| PLANNING SWAMP:1-3
 18429 | Orc:2    | 18429 ||| DROPPING ring of fire.
 18430 | Orc:2    | 18430 ||| READING 10 scrolls of identify.
 18430 | Orc:2    | 18430 ||| IDENTIFYING yellow potion
 18431 | Orc:2    | 18431 ||| DROPPING potion of invisibility.
 18640 | Swamp:1  | Entered Level 1 of the Swamp
 18738 | Swamp:1  | Noticed a thorn hunter
 18739 | Swamp:1  | 18739 ||| INVOKING Finesse.
 18748 | Swamp:1  | Killed a thorn hunter
 19051 | Swamp:1  | 19051 ||| DROPPING +6 ring of strength.
 19069 | Swamp:2  | 19069 ||| STAIRDANCE
 19076 | Swamp:1  | Reached skill level 9 in Fighting
 19113 | Swamp:2  | 19113 ||| RETREEEEATING.
 19205 | Swamp:2  | 19205 ||| RETREEEEATING.
 19207 | Swamp:2  | 19207 ||| RETREEEEATING.
 19209 | Swamp:2  | 19209 ||| RETREEEEATING.
 19418 | Swamp:2  | Noticed Mlioglotl
 19419 | Swamp:2  | 19419 ||| INVOKING Finesse.
 19425 | Swamp:2  | Killed Mlioglotl
 19461 | Swamp:2  | Received a gift from Okawaru
 19551 | Swamp:3  | 19551 ||| STAIRDANCE
 19555 | Swamp:3  | 19555 ||| STAIRDANCE
 19572 | Swamp:3  | 19572 ||| STAIRDANCE
 19583 | Swamp:2  | Reached skill level 25 in Dodging
 19901 | Swamp:3  | 19901 ||| STAIRDANCE
 19906 | Swamp:3  | 19906 ||| INVOKING Finesse.
 19909 | Swamp:3  | 19909 ||| STAIRDANCE
 20026 | Swamp:3  | 20026 ||| RETREEEEATING.
 20027 | Swamp:3  | 20027 ||| RETREEEEATING.
 20028 | Swamp:3  | 20028 ||| RETREEEEATING.
 20029 | Swamp:3  | 20029 ||| RETREEEEATING.
 20030 | Swamp:3  | 20030 ||| RETREEEEATING.
 20031 | Swamp:3  | 20031 ||| RETREEEEATING.
 20032 | Swamp:3  | 20032 ||| RETREEEEATING.
 20033 | Swamp:3  | 20033 ||| RETREEEEATING.
 20034 | Swamp:3  | 20034 ||| RETREEEEATING.
 20035 | Swamp:3  | 20035 ||| RETREEEEATING.
 20179 | Swamp:3  | 20179 ||| PLANNING SNAKE:1-3
 20307 | Snake:1  | Entered Level 1 of the Snake Pit
 20326 | Snake:1  | Identified the serpent talisman "Tuloni" {Str-5 Int-2 Dex+9
                  | SInv}
 20326 | Snake:1  | Noticed Aizul
 20326 | Snake:1  | 20326 ||| INVOKING Finesse.
 20339 | Snake:1  | Killed Aizul
 20339 | Snake:1  | Received a gift from Okawaru
 20407 | Snake:1  | 20407 ||| INVOKING Finesse.
 20457 | Snake:1  | Reached skill level 26 in Dodging
 20469 | Snake:1  | 20469 ||| INVOKING Finesse.
 20545 | Snake:1  | Noticed Roxanne
 20546 | Snake:1  | 20546 ||| INVOKING Finesse.
 20555 | Snake:1  | Killed Roxanne
 20602 | Snake:1  | Identified the +3 robe of Pride {rF+ Str+5 Dex+3}
 20730 | Snake:1  | Noticed Asterion
 20731 | Snake:1  | 20731 ||| INVOKING Finesse.
 20751 | Snake:1  | Killed Asterion
 20898 | Snake:1  | Received a gift from Okawaru
 21147 | Snake:2  | 21147 ||| STAIRDANCE
 21151 | Snake:2  | 21151 ||| STAIRDANCE
 21174 | Snake:2  | 21174 ||| INVOKING Finesse.
 21175 | Snake:2  | 21175 ||| STAIRDANCE
 21215 | Snake:2  | Reached XP level 17. HP: 68/89 MP: 25/25
 21265 | Snake:2  | 21265 ||| INVOKING Finesse.
 21972 | Snake:2  | 21972 ||| DROPPING ring of magical power.
 22022 | Snake:3  | Found a shimmering blue altar of Sif Muna.
 22023 | Snake:3  | 22023 ||| STAIRDANCE
 22037 | Snake:3  | 22037 ||| INVOKING Finesse.
 22038 | Snake:3  | 22038 ||| STAIRDANCE
 22141 | Snake:3  | 22141 ||| RETREEEEATING.
 22171 | Snake:3  | 22171 ||| RETREEEEATING.
 22172 | Snake:3  | 22172 ||| FLEEEEING.
 22173 | Snake:3  | 22173 ||| FLEEEEING.
 22180 | Snake:3  | Received a gift from Okawaru
 22192 | Snake:3  | 22192 ||| RETREEEEATING.
 22195 | Snake:3  | 22195 ||| INVOKING Finesse.
 22204 | Snake:3  | Reached skill level 27 in Dodging
 22309 | Snake:3  | 22309 ||| INVOKING Finesse.
 22537 | Snake:3  | 22537 ||| RETREEEEATING.
 22538 | Snake:3  | 22538 ||| RETREEEEATING.
 22538 | Snake:3  | Found a broken altar of Ashenzari.
 22539 | Snake:3  | 22539 ||| RETREEEEATING.
 22540 | Snake:3  | 22540 ||| RETREEEEATING.
 22541 | Snake:3  | 22541 ||| INVOKING Finesse.
 22674 | Snake:3  | 22674 ||| PLANNING SWAMP:4
 22836 | Swamp:4  | Entered Level 4 of the Swamp
 22842 | Swamp:4  | Received a gift from Okawaru
 22915 | Swamp:4  | 22915 ||| RETREEEEATING.
 22919 | Swamp:4  | 22919 ||| RETREEEEATING.
 22922 | Swamp:4  | 22922 ||| RETREEEEATING.
 22927 | Swamp:4  | 22927 ||| RETREEEEATING.
 22929 | Swamp:4  | 22929 ||| RETREEEEATING.
 22931 | Swamp:4  | 22931 ||| RETREEEEATING.
 22942 | Swamp:4  | Reached skill level 12 in Fighting
 22951 | Swamp:4  | Noticed Nikola
 22952 | Swamp:4  | 22952 ||| INVOKING Finesse.
 22971 | Swamp:4  | Killed from afar by Nikola

Levels and vault maps discovered:
D:1:      nagdon_arrival_zigzag_paths, layout_loops_ring,
          minmay_tree_intersection, minmay_misc_feat_iff
D:2:      layout_rooms
D:3:      minmay_spotlight, layout_basic, trog_three_pillars_becter,
          uniq_terence, uniq_grinder
D:4:      layout_basic, minmay_temple_entry_stoned_glass
D:5:      cheibrodos_thug_alley, layout_cave_pools, okawaru_metal_pillars_1_2,
          marbit_many_paths, serial_glass, glass_columns_a, glass_columns_a,
          glass_columns_b, glass_columns_a, glass_columns_b, glass_columns_b,
          glass_columns_a, glass_columns_a
D:6:      layout_loops_ring, gup_sewer_entry_bowl, hangedman_decor_growths,
          nicolae_shop_i_like_small_books_too
D:7:      layout_rooms
D:8:      layout_basic, riverfiend_overflow_shadow_ancestor, uniq_maurice
D:9:      layout_cave_pools, mainiacjoe_overflow_alcove_1,
          grunt_temple_overflow_open, serial_rivers,
          chequers_serial_rivers_large_a, chequers_serial_rivers_micro_b,
          chequers_serial_rivers_small_b, chequers_serial_rivers_large_b,
          serial_shops, nicolae_shop_statue_plus, grunt_decor_cap
D:10:     layout_stronghold, pdpol_wu_jian_five_deadly_venoms,
          lemuel_doored_altar, grunt_lair_entry_orc_guard_hut
D:11:     fort_yaktaur, layout_loops_ring, minmay_shop_chei
D:12:     layout_long_grid, david_orc_1_choice, lightli_minifort
D:13:     layout_loops_corners, minmay_the_grid_2x2 [minmay_the_grid_armoury,
          minmay_the_grid_gridbox, minmay_the_grid_paths,
          minmay_the_grid_prize_shrinking_boxes]
D:14:     layout_gridville, lightli_vaults_fourway_checkpoint,
          serial_bayou_shore_b, lemuel_blue_sif_altar
D:15:     hangedman_depths_entry_civil_slaughter, layout_long_grid,
          ebering_ghost_rock_garden, serial_rivers,
          chequers_serial_rivers_room_b, chequers_serial_rivers_micro_b,
          chequers_serial_rivers_micro_a, chequers_serial_rivers_micro_c,
          chequers_serial_rivers_micro_a
Temple:   hc_temple_tempest_star
Lair:1:   layout_gridlike, pdpol_lair_cavern_descent, uniq_harold
Lair:2:   layout_hall_layers, nicolae_snake_entry_warm_welcome
Lair:3:   layout_chaotic_city, minmay_swamp_entry_reptiles,
          gammafunk_ghost_wrathful_warriors, serial_bayou_lagoon_b,
          grunt_megastairs_5, uniq_fannar, uniq_amaemon
Lair:4:   layout_loops_ring, grunt_megastairs_3, lemuel_fruit_tree
Lair:5:   hellmonk_lair_end_abyssal_woods, layout_concentric_octagons,
          nicolae_slime_entry_slimehenge
Swamp:1:  layout_falls_marsh, nicolae_swamp_stuck_in_the_mud
Swamp:2:  layout_falls_marsh, hangedman_swamp_diagram, uniq_mlioglotl
Swamp:3:  layout_falls_marsh, nicolae_swamp_treefoil, swamp_pool_3,
          hangedman_swamp_phenomena, nicolae_swamp_decorative_isthmus
Swamp:4:  byrel_swamp_growth_death_and_undeath, layout_basic_swamp,
          infiniplex_staircase_pool, uniq_nikola
Snake:1:  layout_concentric_octagons, uniq_aizul, uniq_asterion, uniq_roxanne
Snake:2:  layout_basic
Snake:3:  layout_rooms, basic_altar, lemuel_oklob_altar
Orc:1:    layout_caves
Orc:2:    st_orc_ogre_mass, layout_caves, regret_index_xom_of_box, uniq_nessos

Skill      XL: |  1  2  3  4  5  6  7  8  9 10 11 12 13 14 15 16 17 |
---------------+----------------------------------------------------+-----
Dodging        | 3 4 7 8 9 12 13 16 19 21 23 26 27 | 27.0
Ranged Weapons | 5 6 8 10 11 12 14 15 17 18 | 18.0
Fighting       | 2 3 4 5 6 7 8 10 12 | 12.2
Invocations    | 4 7 10 | 10.1
Armour         | 1 2 |  2.2
Stealth        | |  1.5

Action                     |  1- 3 |  4- 6 |  7- 9 | 10-12 | 13-15 | 16-18 || total
---------------------------+-------+-------+-------+-------+-------+-------++-------
   Fire: Shortbow          |    98 |   171 |   502 |   845 |   212 |       ||  1828
         Arbalest          |       |       |       |       |   885 |   738 ||  1623
 Invoke: Heroism           |       |       |     3 |     1 |     1 |       ||     5
         Finesse           |       |       |     1 |    10 |     6 |    15 ||    32
         Receive Weapon    |       |       |       |       |     1 |       ||     1
         Receive Armour    |       |       |       |       |     1 |       ||     1
    Use: Scroll            |     1 |     8 |     9 |     4 |     7 |     1 ||    30
         Potion            |       |       |     1 |       |       |       ||     1
 Armour: Robe              |     8 |    24 |    42 |    13 |    51 |    66 ||   204
         Troll leather arm |       |       |       |    83 |    24 |       ||   107
  Dodge: Dodged            |    29 |   101 |   269 |   493 |   630 |   438 ||  1960
  Block: Other             |       |       |       |       |    30 |    50 ||    80
         Reflection        |       |       |       |       |     9 |     2 ||    11

Table legend:
 A = Non-vault XP
 B = Vault XP
 C = Vault XP percentage of total XP
 D = Non-vault monster count
 E = Vault monster count
 F = Vault count percentage of total count
                 A         B        C        D         E       F
            +---------+---------+-------+---------+---------+-------
      Total |  182283 |   89293 |  32.9 |     649 |     296 |  31.3
            +---------+---------+-------+---------+---------+-------
        D:1 |      38 |       0 |   0.0 |      22 |       0 |   0.0
        D:2 |      24 |       0 |   0.0 |      13 |       0 |   0.0
        D:3 |      21 |     330 |  94.0 |      12 |       5 |  29.4
        D:4 |     289 |       0 |   0.0 |      19 |       0 |   0.0
        D:5 |     360 |     132 |  26.8 |      14 |      11 |  44.0
        D:6 |     507 |       5 |   1.0 |      18 |       3 |  14.3
        D:7 |    2359 |       0 |   0.0 |      36 |       0 |   0.0
        D:8 |    1306 |     559 |  30.0 |      19 |       1 |   5.0
        D:9 |    3394 |       0 |   0.0 |      16 |       0 |   0.0
       D:10 |    1259 |    1421 |  53.0 |      13 |       5 |  27.8
       D:11 |    5256 |   10414 |  66.5 |      30 |      34 |  53.1
       D:12 |    3933 |    1708 |  30.3 |      14 |      15 |  51.7
       D:13 |    5272 |    7395 |  58.4 |      11 |      18 |  62.1
       D:14 |    5233 |    6820 |  56.6 |      10 |      11 |  52.4
       D:15 |    7466 |    2717 |  26.7 |      17 |       5 |  22.7
     Lair:1 |    9201 |    4390 |  32.3 |      33 |      10 |  23.3
     Lair:2 |    4857 |     664 |  12.0 |      17 |       4 |  19.0
     Lair:3 |   12541 |    3290 |  20.8 |      43 |      10 |  18.9
     Lair:4 |    6994 |     364 |   4.9 |      22 |       1 |   4.3
     Lair:5 |    9957 |   12062 |  54.8 |      32 |      49 |  60.5
    Swamp:1 |    8988 |       0 |   0.0 |      15 |       0 |   0.0
    Swamp:2 |   14619 |    1816 |  11.0 |      28 |       1 |   3.4
    Swamp:3 |    8172 |    3436 |  29.6 |      17 |       8 |  32.0
    Swamp:4 |    5039 |    7565 |  60.0 |       7 |      10 |  58.8
    Snake:1 |   13419 |    4585 |  25.5 |      29 |       3 |   9.4
    Snake:2 |   15443 |       0 |   0.0 |      30 |       0 |   0.0
    Snake:3 |   29070 |     535 |   1.8 |      50 |       1 |   2.0
      Orc:1 |    4019 |       0 |   0.0 |      30 |       0 |   0.0
      Orc:2 |    3247 |   18721 |  85.2 |      32 |      44 |  57.9
      Sewer |       0 |     364 | 100.0 |       0 |      47 | 100.0
            +---------+---------+-------+---------+---------+-------
